 Dungeon Crawl Stone Soup version 0.28.0 (webtiles) character file.

Game seed: 9549187838422181487

450882 Fingolfin the Earth Mage (level 24, 157/157 HPs)
             Began as a Gargoyle Fighter on Feb 3, 2022.
             Was the Champion of Ru.
             Quit the game on level 3 of the Vaults on Feb 9, 2022.
             The game lasted 05:02:39 (76647 turns).

Fingolfin the Earth Mage (Gargoyle Fighter)        Turns: 76647, Time: 05:02:39

Health: 157/157    AC: 35    Str: 20    XL:     24   Next: 29%
Magic:  45/45      EV: 11    Int: 33    God:    Ru [******]
Gold:   5881       SH:  0    Dex:  6    Spells: 10/59 levels left

rFire   . . .      SeeInvis +   a - staff of earth
rCold   . . .      Faith    .   (no shield)
rNeg    + . .      Spirit   .   B - +2 robe {Archmagi}
rPois   ∞          Reflect  .   O - +2 hat
rElec   +          Harm     .   m - +2 cloak {rPois}
rCorr   .          Rampage  .   L - +2 pair of gloves {Str+3}
Will    ++...      Archmagi +   k - +2 pair of boots
Stlth   ++++......              P - amulet of regeneration
HPRegen 1.16/turn               U - +6 ring of intelligence
MPRegen 0.29/turn               s - ring "Ciehynisa" {Fly Will+ Str-5 Int+10 Dex-5 SInv}

@: flying, studying 4 skills
A: sickness immunity, AC +18, big wings, negative energy resistance 1,
electricity resistance, torment resistance 1, petrification resistance,
inability to drink while threatened, inability to use devices, hated by all,
inability to train dodging
}: 2/15 runes: barnacled, gossamer
a: Renounce Religion, Draw Out Power, Power Leap, Apocalypse


You were on level 3 of the Vaults.
You worshipped Ru.
Ru was exalted by your worship.
You visited 9 branches of the dungeon, and saw 42 of its levels.
You visited 1 bazaar.
You also visited: Trove and Ice Cave.

You collected 7210 gold pieces.
You spent 1329 gold pieces at shops.

Inventory:

Hand Weapons
 c - a +9 eveningstar of electrocution
 d - a +5 broad axe of venom
Armour
 k - a +2 pair of boots (worn)
 m - a +2 cloak of poison resistance (worn)
 B - a +2 robe of the Archmagi (worn)
 L - a +2 pair of gloves of strength (worn)
 O - a +2 hat (worn)
Magical Staves
 a - a staff of earth (weapon)
 b - a staff of fire
Jewellery
 g - a ring of willpower
 r - a ring of protection from cold
 s - the ring "Ciehynisa" (right hand) {Fly Will+ Str-5 Int+10 Dex-5 SInv}
   (You took it off a deep elf sorcerer on level 3 of the Elven Halls)

   [ring of see invisible]

   Str:       It affects your strength (-5).
   Int:       It affects your intelligence (+10).
   Dex:       It affects your dexterity (-5).
   SInv:      It lets you see invisible.
   Fly:       It grants you flight.
   Will:      It increases your willpower.
 A - a ring of protection from fire
 D - a ring of positive energy
 H - a +4 ring of protection
 M - a ring of fire
 P - an amulet of regeneration (around neck)
 U - a +6 ring of intelligence (left hand)
Scrolls
 e - 8 scrolls of immolation
 i - 5 scrolls of fog
 l - 6 scrolls of torment
 n - 14 scrolls of teleportation
 p - 4 scrolls of blinking
 q - 3 scrolls of amnesia
 t - 4 scrolls of holy word
 w - 3 scrolls of silence
 y - 12 scrolls of fear
 E - 6 scrolls of magic mapping
 F - 3 scrolls of enchant weapon
 K - 4 scrolls of enchant armour
Potions
 f - 11 potions of ambrosia
 h - 9 potions of lignification
 j - 8 potions of berserk rage
 o - 4 potions of curing
 u - 2 potions of mutation
 v - 4 potions of attraction
 x - 6 potions of might
 z - 7 potions of invisibility
 C - 5 potions of magic
 G - 6 potions of brilliance
 J - 11 potions of heal wounds
 N - 4 potions of resistance
 Q - 3 potions of haste
 R - a potion of cancellation


   Skills:
 - Level 18.0 Fighting
 - Level 9.8(12.9) Axes
 - Level 14.6(16.0) Maces & Flails
 - Level 10.0 Armour
 - Level 10.0 Stealth
 - Level 6.0 Shields
 - Level 18.0 Spellcasting
 - Level 16.0 Conjurations
 - Level 8.0 Necromancy
 - Level 4.0 Translocations
 + Level 16.4 Fire Magic
 - Level 20.0 Earth Magic


You had 10 spell levels left.
You knew the following spells:

 Your Spells              Type           Power      Damage    Failure   Level
a - Pain                  Necr           100%       1d9       1%          1
b - Blink                 Tloc           100%       N/A       1%          2
c - Stone Arrow           Conj/Erth      100%       3d13      0%          3
d - Borgnjor's Vile Clut  Necr/Erth      67%        N/A       1%          5
e - Lee's Rapid Deconstr  Erth           76%        3d35*     0%          5
f - Iron Shot             Conj/Erth      73%        9d13      1%          6
g - Lehudib's Crystal Sp  Conj/Erth      73%        10d17     4%          8
h - Passwall              Tmut/Erth      100%       N/A       1%          2
i - Ignition              Fire           59%        3d16      10%         8
r - Fireball              Conj/Fire      58%        3d22      1%          5
t - Apportation           Tloc           100%       N/A       1%          1
S - Swiftness             Air            44%        N/A       3%          3

Your spell library contained the following spells:

 Spells                   Type           Power      Damage    Failure   Level
 Foxfire                  Conj/Fire      100%       2x1d9     0%          1
 Magic Dart               Conj           100%       1d8       0%          1
 Searing Ray              Conj           100%       2d8       0%          2
 Conjure Flame            Conj/Fire      100%       6-21      0%          3
 Sticky Flame             Conj/Fire      100%       2d11      0%          4
 Slow                     Hex            100%       N/A       1%          1
 Ensorcelled Hibernation  Hex/Ice        88%        N/A       1%          2
 Static Discharge         Conj/Air       89%        N/A       1%          2
 Dazzling Flash           Conj/Hex       100%       N/A       1%          3
 Gell's Gravitas          Tloc           71%        N/A       1%          3
 Ignite Poison            Fire/Tmut/Pois 78%        N/A       1%          3
 Inner Flame              Hex/Fire       90%        N/A       1%          3
 Lesser Beckoning         Tloc           71%        N/A       1%          3
 Mephitic Cloud           Conj/Pois/Air  77%        N/A       1%          3
 Portal Projectile        Hex/Tloc       100%       N/A       1%          3
 Teleport Other           Tloc           71%        N/A       1%          3
 Vampiric Draining        Necr           89%        2d12      1%          3
 Dispel Undead            Necr           89%        3d28      1%          4
 Fulminant Prism          Conj/Hex       44%        3d20      1%          4
 Leda's Liquefaction      Hex/Erth       60%        N/A       1%          4
 Petrify                  Tmut/Erth      100%       N/A       1%          4
 Agony                    Necr           89%        N/A       1%          5
 Excruciating Wounds      Necr           44%        N/A       1%          5
 Iskenderun's Battlesphe  Conj           100%       2d15      1%          5
 Lightning Bolt           Conj/Air       44%        1d64      1%          5
 Orb of Destruction       Conj           58%        9d14      1%          7
 Confusing Touch          Hex            44%        N/A       3%          3
 Freezing Cloud           Conj/Ice/Air   38%        6-21      4%          5
 Manifold Assault         Tloc           71%        N/A       7%          5
 Conjure Ball Lightning   Conj/Air       44%        3x3d15    7%          6
 Cause Fear               Hex            22%        N/A       12%         4
 Alistair's Intoxication  Tmut/Pois      29%        N/A       34%         5
 Metabolic Englaciation   Hex/Ice        22%        N/A       34%         5
 Dragon Form              Tmut           22%        N/A       100%        7
 Storm Form               Tmut/Air       22%        N/A       100%        7
 Maxwell's Capacitive Co  Air            22%        ∞         100%        8
 Chain Lightning          Conj/Air       44%        3d59      100%        9
 Animate Armour           Summ/Erth      Unusable   N/A       N/A         4
 Call Canine Familiar     Summ           Unusable   N/A       N/A         3
 Summon Guardian Golem    Hex/Summ       Unusable   N/A       N/A         3
 Statue Form              Tmut/Erth      Unusable   N/A       N/A         6
 Dragon's Call            Summ           Unusable   N/A       N/A         9

Dungeon Overview and Level Annotations

Branches:
Dungeon (15/15)            Temple (1/1) D:6            Lair (6/6) D:10
 Shoals (4/4) Lair:4       Spider (4/4) Lair:3        Slime (0/5) Lair:5
    Orc (2/2) D:9             Elf (3/3) Orc:2        Vaults (3/5) D:14
  Crypt (0/3) Vaults:3     Depths (4/4) D:15            Zot (0/5) Depths:4
  IceCv (visited)

Altars:
Ashenzari
Cheibriados
Dithmenos
Elyvilon
Fedhas
Gozag
Hepliaklqana
Kikubaaqudgha
Makhleb
Nemelex Xobeh
Okawaru
Qazlal
Ru
Sif Muna
Trog
Uskayaw
Vehumet
Wu Jian
Xom
Yredelemnul
Zin
The Shining One
Beogh
Lugonu

Shops:
Orc:1 :?   Orc:2 :[?!(   Elf:2 :   Elf:3 [   Shoals:2 *   Vaults:2 (

Portals:
Hell: Depths:1 Depths:2 Depths:3 Depths:4
Abyss: Lair:6 Depths:2 Depths:3
Pandemonium: Depths:2 Depths:3
Ziggurat: Depths:2

Annotations:
D:14 1 runed translucent door, Kurdi's ghost, adept GrMo
Shoals:1 2 transporters, Glennnyy's ghost, adept GrFi
Shoals:2 2 transporters, Witt's ghost, adept GrFi
Elf:1 6 runed translucent doors


Innate Abilities, Weirdness & Mutations

You are immune to sickness and miasma.
Your stone body is resilient. (AC +18)
You are immune to poison.
Your large and strong wings let you fly.
You resist negative energy. (rN+)
You are resistant to electric shocks. (rElec)
You are resistant to unholy torment.
You are immune to petrification.
You sometimes lose the ability to drink potions when taking damage.
You cannot study or use magical devices.
You are hated by all.
You cannot train Dodging skill.


Message History

Aim: a wizard, wielding a +0 dagger and wearing a +0 robe (75% to hit)
You feel a strong surge of power!
The iron shot hits the wizard!!!
You kill the wizard!
A brown ugly thing comes into view.
The purple ugly thing basks in the mutagenic energy from its kin and changes!
The brown ugly thing basks in the mutagenic energy from its kin and changes!
There is an open door here.
b - a staff of fire (weapon)
Casting: Iron Shot (mildly dangerous; 1% risk of failure)
Confirm with . or Enter, or press ? or * to list all spells.
Casting: Ignition (dangerous; 10% risk of failure)
Press: ? - help, Dir - look around, f - activate You feel a strong surge of power!
The air bursts into flame!
The fireball engulfs the brown ugly thing!!!
The brown ugly thing is heavily wounded.
The fireball engulfs the green ugly thing!!!
The green ugly thing is severely wounded.
The fireball engulfs the green ugly thing!!
You kill the green ugly thing!
The fireball engulfs the brown ugly thing!!
The brown ugly thing is almost dead.
Casting: Ignition (dangerous; 10% risk of failure)
Confirm with . or Enter, or press ? or * to list all spells.
Aiming: Stone Arrow (safe; 0% risk of failure)
Press: ? - help, Shift-Dir - straight line, f - brown ugly thing
Aim: a brown ugly thing (almost dead, 78% to hit)
You feel a surge of power!
The stone arrow hits the brown ugly thing!!
You kill the brown ugly thing!
a - a staff of earth (weapon)
You start resting.
Magic restored.
Things that are here:
a +0 dagger; a +0 robe; a human corpse Done exploring.
Options error: Bad object type '%}|' for autopickup. (~/.crawlrc:101) Welcome back, Fingolfin the Gargoyle Fighter.
Ru says: Cut away your false body!
Press ? for a list of commands and other information.
Are you sure you want to abandon this character and quit the game? (Confirm with "yes".)

#.... #.... #.... #
#.... # ########
#.... # #......#
#####'## #####
#......# #...."..
....# #......#
#....... ....#
#..@...# #.......
.#..# #..>...#
#....... ..†.#
#......# #...>...
+####
######'######.......
....#
#......'.......
....#
#......#######+
)#### #......# ###..
....# #......#
##.... .#..#
#......###.....


There were no monsters in sight!

Vanquished Creatures
  A juggernaut (Depths:2)
  Frederick (Depths:4)
  5 caustic shrikes
  5 golden dragons
  A tentacled monstrosity (Depths:2)
  A walking crystal tome (Depths:4)
  Mlioglotl (Spider:3)
  A quicksilver dragon (shapeshifter) (Elf:1)
  A deep elf blademaster (Elf:2)
  3 walking divine tomes (Depths:4)
  3 liches (Depths:3)
  Asterion (Depths:2)
  2 Ice Fiends (IceCv)
  2 titans
  3 walking frostbound tomes
  A deep elf master archer (Elf:3)
  A kraken (Shoals:2)
  7 sphinxes
  Frances (Shoals:1)
  4 shadow dragons
  4 tengu reavers
  Donald (Vaults:1)
  3 storm dragons
  8 fire giants
  Ilsuiw (Shoals:4)
  6 frost giants
  7 emperor scorpions
  A balrug (Depths:3)
  6 deep elf sorcerers (Elf:3)
  Aizul (Elf:2)
  6 ghost moths
  Louise (Depths:2)
  2 orc warlords (Vaults:1)
  4 vault wardens
  7 iron dragons
  2 spriggan defenders
  A draconian annihilator (Depths:4)
  4 deep elf elementalists (Elf:3)
  21 very ugly things
  A draconian shifter (Depths:1)
  21 ironbound preservers
  A war gargoyle (Vaults:3)
  A reaper (Depths:2)
  2 broodmothers
  8 stone giants
  Azrael (Elf:2)
  Nessos (Lair:6)
  An ironbound thunderhulk (Vaults:1)
  7 deep elf demonologists
  4 vampire knights
  26 dire elephants
  A bunyip (shapeshifter) (D:11)
  7 entropy weavers
  7 spark wasps
  2 deep elf annihilators (Elf:3)
  7 ettins
  A crystal guardian (Vaults:3)
  3 deep elf death magi
  8 merfolk javelineers (Shoals:4)
  6 yaktaur captains
  7 merfolk impalers
  6 deep elf high priests
  5 fire dragons
  12 great orbs of eyes
  Harold (Orc:1)
  11 boulder beetles
  7 ice dragons
  3 ogre magi
  2 rakshasas
  2 caustic shrike simulacra (IceCv)
  A jorogumo (Spider:4)
  9 hydras
  A peacekeeper (Vaults:3)
  5 spriggan air magi
  An anaconda (shapeshifter) (D:14)
  An alligator snapping turtle (Shoals:4)
  A catoblepas (D:11)
  4 radroaches
  3 merfolk aquamancers (Shoals:4)
  4 ironbound frosthearts
  A two-headed ogre (shapeshifter) (D:15)
  A radroach (shapeshifter) (Depths:4)
  An alligator snapping turtle (shapeshifter) (Elf:3)
  2 death knights
  14 centaur warriors
  4 two-headed ogres
  28 dancing weapons
  2 satyrs
  7 spriggan berserkers
  5 deep troll shamans
  8 deep troll earth magi
  7 orc high priests
  11 tengu warriors
  A death scarab (Spider:4)
  6 death yaks
  A soul eater (Vaults:3)
  3 thrashing horrors (Lair:6)
  9 deep elf knights
  Nergalle (Orc:2)
  15 hell knights
  3 large abominations (Lair:6)
  6 skeletal warriors (D:12)
  9 iron trolls
  2 sixfirhies (Depths:3)
  6 flayed ghosts
  5 pharaoh ants
  65 deep trolls
  12 sea snakes
  A spark wasp zombie (Depths:2)
  A sun moth (Spider:3)
  7 steelbarb worms
  7 wizards
  10 orb spiders
  13 ironbound convokers
  Pikel (D:7)
  A bog body (IceCv)
  A spriggan simulacrum (IceCv)
  An orange crystal statue (D:14)
  4 glowing orange brains
  5 deep elf archers
  3 obsidian statues
  The ghost of KaosKat the Tainter, a novice OpVM of Gozag (D:8)
  A phantasmal warrior (D:14)
  2 sphinx zombies
  10 orc knights
  15 harpies
  14 deep elf zephyrmancers
  9 lindwurms
  22 wolf spiders
  A tengu skeleton (Vaults:2)
  11 orc sorcerers
  18 deep elf pyromancers
  6 necromancers
  8 cyclopes
  A salamander (D:15)
  7 fauns
  16 manticores
  A fire giant zombie (Depths:2)
  29 ugly things
  A sphinx skeleton (Depths:2)
  A salamander (shapeshifter) (Vaults:3)
  A moth of wrath (Spider:4)
  A water nymph (shapeshifter) (Depths:4)
  4 smoke demons
  3 torpor snails (Spider:3)
  A frost giant skeleton (Depths:2)
  8 elephants
  10 merfolk sirens
  A rust devil (Depths:3)
  18 vault sentinels
  Joseph (D:7)
  5 water nymphs
  8 black mambas
  An orange demon (Depths:3)
  7 demonic crawlers
  A gargoyle (D:11)
  6 cane toads
  2 unseen horrors (D:11)
  6 freezing wraiths
  2 kobold demonologists
  14 komodo dragons
  6 rime drakes
  4 tengu conjurers
  2 ice devils
  19 yaktaurs
  A golden dragon simulacrum (IceCv)
  An entropy weaver simulacrum (IceCv)
  2 ancient zymes (Lair:6)
  3 hellwings (Depths:2)
  A troll (shapeshifter) (Elf:2)
  25 merfolk
  A red devil (Depths:3)
  6 trolls
  2 tarantellas (shapeshifter)
  12 meliai
  A sphinx simulacrum (Depths:2)
  11 hornets
  3 polar bears
  24 tarantellas
  35 blink frogs
  6 wind drakes
  A blink frog (shapeshifter) (D:13)
  22 slime creatures
  11 dream sheep
  A slime creature (shapeshifter) (Depths:1)
  14 snapping turtles
  A centaur simulacrum (D:14)
  4 air elementals
  4 wraiths
  24 jumping spiders
  22 culicivoras
  7 spriggans
  Sigmund (D:2)
  A deep troll skeleton (Vaults:2)
  12 water elementals
  A dire elephant simulacrum (IceCv)
  6 wyverns
  45 yaks
  A yak (shapeshifter) (D:11)
  3 ynoxinuls
  4 vampire mosquitoes
  6 basilisks
  A basilisk (shapeshifter) (Vaults:3)
  8 fire elementals
  63 redbacks
  11 small abominations (Lair:6)
  3 chaos spawn
  A neqoxec (Depths:3)
  Menkaure (D:6)
  A human simulacrum (Vaults:2)
  3 steam dragons
  6 wargs
  4 acid dragons
  2 hell hounds (Elf:2)
  4 hydra simulacra (IceCv)
  7 water moccasins
  Duvessa (D:6)
  23 orc warriors
  A human skeleton (Depths:2)
  2 sky beasts
  2 floating eyes
  4 ettin simulacra (IceCv)
  2 ice beasts (D:7)
  5 black bears
  8 ogres
  9 wolves
  A wolf (shapeshifter) (Depths:2)
  18 centaurs
  A phantom (D:6)
  A wyvern zombie (D:6)
  3 kobold brigands
  24 bullfrogs
  A deep troll simulacrum (IceCv)
  4 scorpions
  4 earth elementals
  A water moccasin zombie (D:6)
  Dowan (D:6)
  A wyvern skeleton (D:6)
  7 killer bees
  2 electric eels
  4 howler monkeys
  5 centaur zombies
  15 orc priests
  3 hounds
  2 jellies (Lair:5)
  Crazy Yiuf (D:2)
  2 centaur skeletons
  2 gnoll shamans
  A jelly (shapeshifter) (Elf:3)
  2 iguanas
  Ijyb (D:5)
  Terence (D:2)
  39 orc wizards
  A killer bee zombie (D:8)
  A hound zombie (D:4)
  A howler monkey zombie (D:8)
  A howler monkey skeleton (D:5)
  9 adders
  17 gnolls
  A shadow imp (D:5)
  4 white imps
  A worm (D:2)
  2 dart slugs
  70 orcs
  12 ball pythons
  A bat zombie (D:9)
  9 endoplasms
  4 giant cockroaches
  7 goblins
  4 hobgoblins
  4 jackals (D:1)
  18 kobolds
  3 quokkas
  3 training dummies (Orc:2)
  8 bats
  9 frilled lizards
  3 rats (D:1)
  2 rat zombies (D:9)
  A butterfly (Lair:4)
1768 creatures vanquished.

Vanquished Creatures (others)
  A sphinx (Depths:3)
  A very ugly thing (Depths:2)
  An entropy weaver (Spider:2)
  A sun moth (Spider:2)
  A deep troll (Vaults:3)
  A harpy (Shoals:4)
  A wolf spider (Spider:2)
  2 black mambas (Lair:5)
  A komodo dragon (Lair:2)
  A tengu conjurer (Depths:2)
  4 blink frogs
  A dream sheep (Lair:6)
  A yak (Lair:4)
  A human (shapeshifter) (D:14)
  A redback (Spider:2)
  A black bear (D:10)
  An orc priest (Orc:1)
  A gnoll (Orc:2)
  6 orcs
  2 goblins (D:11)
  140 fungi
  133 plants
  4 tentacles (Shoals:2)
307 creatures vanquished.

Grand Total: 2075 creatures vanquished

Notes
Turn   | Place    | Note
-------+----------+-------------------------------------------
     0 | D:1      | Fingolfin the Gargoyle Fighter began the quest for the Orb.
     0 | D:1      | Reached XP level 1. HP: 14/14 MP: 1/1
    77 | D:1      | Reached skill level 1 in Spellcasting
    86 | D:1      | Reached XP level 2. HP: 13/19 MP: 4/4
    89 | D:1      | Learned a level 1 spell: Pain
   571 | D:1      | Found a faded altar of an unknown god.
   587 | D:1      | Reached XP level 3. HP: 19/23 MP: 6/6
  1118 | D:2      | Noticed Terence
  1329 | D:2      | Killed Terence
  1330 | D:2      | Reached XP level 4. HP: 2/28 MP: 8/8
  1848 | D:2      | Noticed Sigmund
  1856 | D:2      | Killed Sigmund
  1857 | D:2      | Reached skill level 1 in Necromancy
  1857 | D:2      | Reached XP level 5. HP: 17/33 MP: 10/10
  1857 | D:2      | Reached XP level 6. HP: 19/38 MP: 11/11
  2332 | D:2      | Found a runed translucent door.
  2333 | D:2      | Noticed Crazy Yiuf
  2615 | D:2      | Killed Crazy Yiuf
  4001 | D:4      | Noticed Eustachio
  4156 | D:3      | Learned a level 5 spell: Excruciating Wounds
  4612 | D:4      | Noticed Eustachio
  4612 | D:4      | Eustachio changed into Eustachio the steam dragon
  4620 | D:4      | Killed Eustachio the steam dragon
  4621 | D:4      | Reached XP level 7. HP: 35/44 MP: 13/13
  4744 | D:4      | Found a white marble altar of Elyvilon.
  4981 | D:4      | Found a glowing golden altar of the Shining One.
  5162 | D:5      | Entered Level 5 of the Dungeon
  5181 | D:5      | Reached skill level 5 in Fighting
  5216 | D:5      | Learned a level 5 spell: Agony
  5579 | D:5      | Reached XP level 8. HP: 41/50 MP: 14/14
  5594 | D:5      | Reached skill level 1 in Evocations
  5714 | D:5      | Noticed Ijyb
  5724 | D:5      | Reached skill level 1 in Dodging
  5730 | D:5      | Killed Ijyb
  6230 | D:6      | Noticed Duvessa
  6261 | D:6      | Killed Duvessa
  6264 | D:6      | Noticed Dowan
  6330 | D:6      | Killed Dowan
  6494 | D:6      | Reached skill level 5 in Maces & Flails
  6692 | D:6      | Reached XP level 9. HP: 55/55 MP: 15/15
  6749 | D:6      | Found a staircase to the Ecumenical Temple.
  6767 | Temple   | Entered the Ecumenical Temple
  6850 | Temple   | Became a worshipper of Ru the Awakened
  6969 | D:6      | Noticed Menkaure
  6981 | D:6      | Killed Menkaure
  7515 | D:7      | Noticed a hornet
  7540 | D:7      | Noticed Pikel
  7542 | D:7      | Killed a hornet
  7543 | D:7      | Reached skill level 5 in Necromancy
  7567 | D:7      | Killed Pikel
  7568 | D:7      | Reached skill level 5 in Evocations
  7568 | D:7      | Reached XP level 10. HP: 31/60 MP: 16/16
  7996 | D:7      | Gained mutation: You cannot train Dodging skill. [Ru
                  | sacrifice]
  7996 | D:7      | Reached * piety under Ru
  8123 | D:7      | Noticed Joseph
  8150 | D:7      | Killed Joseph
  8608 | D:8      | Noticed KaosKat's ghost (novice OpVM)
  8612 | D:8      | Found a runed translucent door.
  8680 | D:8      | Killed KaosKat's ghost
  8689 | D:8      | Got the Collected Works on Clay
  8701 | D:8      | Learned a level 5 spell: Borgnjor's Vile Clutch
  8853 | D:8      | Found a shadowy altar of Dithmenos.
  8873 | D:8      | Reached skill level 1 in Earth Magic
  8913 | D:8      | Found a shimmering altar of Xom.
  9028 | D:8      | Found a snail-covered altar of Cheibriados.
  9076 | D:8      | Found an ornate altar of the Wu Jian Council.
  9443 | D:9      | Noticed a centaur warrior
  9453 | D:9      | Killed a centaur warrior
  9454 | D:9      | Reached skill level 3 in Earth Magic
  9710 | D:9      | Reached skill level 5 in Spellcasting
  9742 | D:9      | Reached skill level 4 in Earth Magic
  9867 | D:9      | Reached XP level 11. HP: 10/64 MP: 17/19
 10177 | D:9      | Found a staircase to the Orcish Mines.
 10309 | D:9      | Found a hide-covered altar of Uskayaw.
 10485 | D:9      | Found an ancient bone altar of Kikubaaqudgha.
 10533 | D:10     | Entered Level 10 of the Dungeon
 10637 | D:10     | Noticed a two-headed ogre
 10645 | D:10     | Killed a two-headed ogre
 10646 | D:10     | Reached skill level 5 in Earth Magic
 10718 | D:10     | Gained mutation: You are hated by all. [Ru sacrifice]
 10718 | D:10     | Reached ** piety under Ru
 10718 | D:10     | Reached *** piety under Ru
 10788 | D:10     | Reached skill level 6 in Earth Magic
 10819 | D:10     | Found a staircase to the Lair.
 11069 | D:9      | Reached skill level 7 in Earth Magic
 11133 | D:9      | Learned a level 3 spell: Stone Arrow
 11139 | D:9      | Learned a level 5 spell: Lee's Rapid Deconstruction
 11166 | D:9      | Reached skill level 1 in Conjurations
 11482 | Lair:1   | Entered Level 1 of the Lair of Beasts
 11974 | Lair:1   | HP: 3/62 [komodo dragon (17)]
 11986 | Lair:1   | Reached skill level 8 in Earth Magic
 12577 | Lair:1   | Reached skill level 9 in Earth Magic
 12622 | Lair:1   | Identified the +6 trident "Zaor" {holy, Will+}
 12665 | Lair:1   | Reached skill level 5 in Conjurations
 13377 | Lair:2   | Reached XP level 12. HP: 48/70 MP: 10/21
 13604 | Lair:2   | Reached skill level 10 in Earth Magic
 14845 | Lair:2   | Reached skill level 5 in Armour
 14960 | Lair:2   | Reached skill level 5 in Shields
 15207 | Lair:2   | Gained mutation: You cannot study or use magical devices.
                  | [Ru sacrifice]
 15207 | Lair:2   | Reached **** piety under Ru
 15207 | Lair:2   | Reached ***** piety under Ru
 15711 | Lair:3   | You fall into a shaft and drop 2 floors!
 16367 | Lair:5   | Reached XP level 13. HP: 49/78 MP: 22/22
 16741 | Lair:5   | Found a staircase to the Slime Pits.
 17099 | Lair:4   | Found a staircase to the Shoals.
 17381 | Lair:4   | Reached skill level 11 in Earth Magic
 17411 | Lair:4   | Learned a level 6 spell: Iron Shot
 17866 | Lair:3   | Gained mutation: You sometimes lose the ability to drink
                  | potions when taking damage. [Ru sacrifice]
 17866 | Lair:3   | Reached ****** piety under Ru
 17912 | Lair:3   | Found a hole to the Spider Nest.
 18566 | Lair:3   | Identified a scroll of acquirement
 18568 | Lair:3   | Acquired a +0 eveningstar of protection
 19151 | Lair:4   | Reached skill level 12 in Earth Magic
 19712 | Lair:4   | Gained mutation: Your large and strong wings let you fly.
                  | [Gargoyle growth]
 19712 | Lair:4   | Reached XP level 14. HP: 21/84 MP: 1/26
 20286 | Lair:4   | Learned a level 2 spell: Blink
 20286 | Lair:4   | Acquired 1073 gold pieces
 20357 | Lair:4   | Identified the +4 quarterstaff of the Ancient Demons
                  | {drain, SInv}
 20755 | Lair:6   | Entered Level 6 of the Lair of Beasts
 21953 | Lair:6   | Reached skill level 13 in Earth Magic
 22119 | Lair:6   | Reached skill level 10 in Conjurations
 23002 | Lair:6   | Found a corrupted altar of Lugonu.
 23002 | Lair:6   | Found a one-way gate to the infinite horrors of the Abyss.
 23463 | Lair:6   | Noticed Nessos
 23493 | Lair:6   | Killed Nessos
 23635 | Lair:6   | Reached skill level 14 in Earth Magic
 23637 | Lair:6   | Reached skill level 10 in Spellcasting
 24422 | Orc:1    | Entered Level 1 of the Orcish Mines
 24953 | Orc:1    | Found Ariell's Magic Scroll Shop.
 25158 | Orc:1    | Found Reah's Book Shoppe.
 25445 | Orc:1    | Noticed Harold
 25460 | Orc:1    | Killed Harold
 25588 | Orc:2    | Entered Level 2 of the Orcish Mines
 25588 | Orc:2    | Found a staircase to the Elven Halls.
 25852 | Orc:2    | Reached XP level 15. HP: 92/92 MP: 10/29
 26193 | Orc:2    | Reached skill level 10 in Fighting
 26333 | Orc:2    | Reached skill level 10 in Maces & Flails
 26421 | Orc:2    | Found Zuarec's Book Shop.
 26464 | Orc:2    | Found an ancient bone altar of Kikubaaqudgha.
 26465 | Orc:2    | Noticed Nergalle
 26487 | Orc:2    | Killed Nergalle
 26529 | Orc:2    | Paralysed by an ogre mage for 6 turns
 26537 | Orc:2    | Found a radiant altar of Vehumet.
 26590 | Orc:2    | Found Uptira's Distillery.
 26590 | Orc:2    | Found Novizat's Antique Armour Boutique.
 26639 | Orc:2    | Found Ureudoom's Magic Scroll Shop.
 26814 | Orc:2    | Found Gimn's Firing Range.
 27001 | Orc:2    | Bought an embroidered robe for 88 gold pieces
 27009 | Orc:2    | Bought a scroll of magic mapping for 42 gold pieces
 27009 | Orc:2    | Bought a scroll of vulnerability for 90 gold pieces
 27009 | Orc:2    | Bought a scroll of holy word for 90 gold pieces
 27016 | Orc:2    | Bought a potion of brilliance for 68 gold pieces
 27016 | Orc:2    | Bought a potion of mutation for 136 gold pieces
 27016 | Orc:2    | Bought a potion of curing for 51 gold pieces
 27016 | Orc:2    | Bought a potion of invisibility for 136 gold pieces
 27016 | Orc:2    | Bought a potion of attraction for 51 gold pieces
 27081 | Orc:1    | Bought a scroll of silence for 120 gold pieces
 27081 | Orc:1    | Bought a scroll of magic mapping for 56 gold pieces
 27081 | Orc:1    | Bought a scroll of fear for 56 gold pieces
 27081 | Orc:1    | Bought a scroll of fear for 56 gold pieces
 27081 | Orc:1    | Bought 3 scrolls of identify for 96 gold pieces
 28621 | D:11     | Found an iron altar of Okawaru.
 29937 | D:12     | Found a radiant altar of Vehumet.
 30574 | D:13     | Reached XP level 16. HP: 82/97 MP: 6/30
 30970 | D:13     | Reached skill level 15 in Earth Magic
 31240 | D:14     | Noticed Kurdi's ghost (adept GrMo)
 31240 | D:14     | Found a runed translucent door.
 31583 | D:14     | Found a gate to the Vaults.
 32443 | D:14     | Identified the +0 leather armour "Haettus" {Rampage Str+4}
 32626 | D:15     | Entered Level 15 of the Dungeon
 32786 | D:15     | Reached skill level 16 in Earth Magic
 32848 | D:15     | Found a frozen archway.
 32902 | IceCv    | Entered an ice cave
 33999 | IceCv    | Noticed an Ice Fiend
 33999 | IceCv    | Noticed an Ice Fiend
 34104 | IceCv    | Killed an Ice Fiend
 34184 | IceCv    | Killed an Ice Fiend
 35166 | D:15     | Found a staircase to the Depths.
 35660 | Spider:1 | Entered Level 1 of the Spider Nest
 36077 | Lair:3   | Reached skill level 1 in Translocations
 36077 | Lair:3   | Reached XP level 17. HP: 76/108 MP: 17/33
 36887 | Spider:1 | Reached skill level 1 in Axes
 37005 | Spider:1 | Learned a level 8 spell: Lehudib's Crystal Spear
 39306 | Spider:2 | Got the Reference Book on Lethal Cold
 40381 | Spider:3 | Noticed Mlioglotl
 40387 | Spider:3 | Killed Mlioglotl
 40659 | Spider:3 | Reached skill level 5 in Axes
 41013 | Spider:4 | Entered Level 4 of the Spider Nest
 41409 | Spider:4 | Reached XP level 18. HP: 116/116 MP: 5/34
 43205 | Spider:4 | Reached skill level 17 in Earth Magic
 44033 | Spider:4 | Identified the +0 hat of Nuqec {+Inv rPois rC+ Str-5}
 44048 | Spider:4 | Got a gossamer rune of Zot
 44251 | Shoals:1 | Entered Level 1 of the Shoals
 44921 | Shoals:1 | Found a transporter.
 44926 | Shoals:1 | Found a transporter.
 44927 | Shoals:1 | Noticed Glennnyy's ghost (adept GrFi)
 45448 | Shoals:1 | Noticed Frances
 45454 | Shoals:1 | Killed Frances
 45894 | Shoals:2 | Found Feinkeg's Gadget Gallery.
 46684 | Shoals:2 | Found a transporter.
 46695 | Shoals:2 | Found a transporter.
 46699 | Shoals:2 | Noticed Witt's ghost (adept GrFi)
 47398 | Shoals:4 | Entered Level 4 of the Shoals
 47460 | Shoals:4 | Learned a level 1 spell: Apportation
 47928 | Shoals:4 | Identified the +11 great mace of Victory {vorpal, Str+3
                  | Int+4}
 47993 | Shoals:4 | Reached XP level 19. HP: 107/121 MP: 13/36
 48290 | Shoals:4 | Noticed Ilsuiw
 48296 | Shoals:4 | Killed Ilsuiw
 49217 | Shoals:4 | Learned a level 5 spell: Fireball
 49527 | Shoals:4 | Reached skill level 1 in Fire Magic
 49541 | Shoals:4 | Reached skill level 18 in Earth Magic
 49967 | Shoals:4 | Got a barnacled rune of Zot
 50246 | Elf:1    | Entered Level 1 of the Elven Halls
 50319 | Elf:1    | Found a flickering gateway to a bazaar.
 50325 | Bazaar   | Entered a bazaar
 50325 | Bazaar   | Found Sivopa's Antique Weapon Boutique.
 50325 | Bazaar   | Found Sinexoun's Antique Armour Shop.
 50325 | Bazaar   | Found Porghyrri's Armour Shop.
 51020 | Elf:1    | Identified the +0 morningstar of Equivalence {holy, Int+2}
 51036 | Elf:1    | Found a runed translucent gate.
 51036 | Elf:1    | Found a runed translucent gate.
 51036 | Elf:1    | Found a runed translucent gate.
 51036 | Elf:1    | Found a runed translucent gate.
 51036 | Elf:1    | Found a runed translucent gate.
 51038 | Elf:1    | Found a runed translucent gate.
 51352 | Elf:1    | Paralysed by an air elemental for 1 turns
 51625 | Elf:2    | Found Ranweso's Book Emporium.
 51684 | Elf:2    | Reached skill level 5 in Fire Magic
 52382 | Elf:2    | Found Pagguido's Weapon Boutique.
 52419 | Elf:2    | Found a runed translucent gate.
 52419 | Elf:2    | Found a runed translucent gate.
 52430 | Elf:2    | Found a runed translucent gate.
 52431 | Elf:2    | Noticed Aizul
 52812 | Elf:2    | Reached skill level 15 in Conjurations
 52910 | Elf:2    | Noticed Azrael
 52924 | Elf:2    | Killed Azrael
 52942 | Elf:2    | Killed Aizul
 53256 | Elf:2    | Reached XP level 20. HP: 127/127 MP: 38/38
 53628 | Elf:3    | Entered Level 3 of the Elven Halls
 54048 | Elf:3    | Paralysed by an air elemental for 1 turns
 54626 | Elf:3    | Found Adghumae's Antique Armour Shop.
 54629 | Elf:3    | Bought a heavily jewelled robe for 193 gold pieces
 54629 | Elf:3    | Identified the +0 robe of Xarchyef {Drain +Blink Regen+
                  | MP+9} (You bought it in a shop on level 3 of the Elven
                  | Halls)
 54758 | Elf:3    | Identified the ring "Ciehynisa" {Fly Will+ Str-5 Int+10
                  | Dex-5 SInv}
 54948 | Elf:3    | Identified the +5 short sword of Action {venom, *Rage rN+
                  | Int+2}
 55013 | Elf:3    | Reached skill level 10 in Fire Magic
 55098 | Elf:3    | Identified the +7 rapier "Taih" {vorpal, rF- rN+++ rCorr
                  | Dex+2}
 55275 | Elf:3    | Identified the +4 trident of Plog {freeze, rPois rN++ Will+
                  | Str-4 SInv}
 55607 | Elf:3    | Got Cyucse Meus's Guide on Attacks
 56027 | Depths:1 | Entered Level 1 of the Depths
 57031 | Depths:1 | Got the Catalogue of the Fetching Blaze
 57051 | Depths:1 | Learned a level 2 spell: Passwall
 57055 | Depths:1 | Learned a level 3 spell: Swiftness
 57283 | Depths:1 | Found a gateway to Hell.
 57569 | Depths:1 | Paralysed by a floating eye for 4 turns
 58191 | Depths:1 | Identified the +9 plate armour "Qirops" {Dex+2}
 58831 | Depths:2 | Reached XP level 21. HP: 132/132 MP: 21/39
 58954 | Depths:2 | Found a one-way gateway to a ziggurat.
 59117 | Depths:2 | Noticed Asterion
 59120 | Depths:2 | Killed Asterion
 59144 | Depths:2 | Noticed Louise
 59146 | Depths:2 | Killed Louise
 59698 | Depths:2 | Reached skill level 15 in Spellcasting
 59786 | Depths:2 | Noticed a juggernaut
 59790 | Depths:2 | Killed a juggernaut
 59800 | Depths:2 | Noticed a caustic shrike
 59893 | Depths:2 | Killed a caustic shrike
 60519 | Depths:2 | Noticed a golden dragon
 60522 | Depths:2 | Killed a golden dragon
 60677 | Depths:2 | Identified the +9 battleaxe "Weuluoll" {venom, rN+}
 61055 | Depths:2 | Found a one-way gate leading to the halls of Pandemonium.
 61539 | Depths:3 | You are sucked into a shaft and drop 1 floor!
 61539 | Depths:4 | Entered Level 4 of the Depths
 61542 | Depths:4 | Paralysed by a sphinx for 3 turns
 61666 | Depths:3 | Noticed a golden dragon
 61683 | Depths:3 | Killed a golden dragon
 62379 | Depths:3 | Found a white marble altar of Elyvilon.
 63103 | Depths:3 | Found an ornate altar of the Wu Jian Council.
 63560 | Depths:3 | Reached skill level 19 in Earth Magic
 63887 | Depths:3 | Noticed a golden dragon
 63891 | Depths:3 | Killed a golden dragon
 63976 | Depths:3 | Reached XP level 22. HP: 93/137 MP: 12/44
 64322 | Depths:3 | Upgraded the game from 0.28-b1-25-g9875b3fc8c to 0.28.0
 65001 | Depths:4 | Noticed a caustic shrike
 65001 | Depths:4 | Noticed a caustic shrike
 65006 | Depths:4 | Noticed a caustic shrike
 65017 | Depths:4 | Killed a caustic shrike
 65018 | Depths:4 | Killed a caustic shrike
 65019 | Depths:4 | Killed a caustic shrike
 65179 | Depths:4 | Reached skill level 20 in Earth Magic
 65331 | Depths:4 | Found a radiant altar of Vehumet.
 65572 | Depths:4 | Noticed Frederick
 65575 | Depths:4 | Killed Frederick
 65857 | Depths:4 | Found a gate to the Realm of Zot.
 65927 | Depths:4 | Found a sacrificial altar of Ru.
 65950 | Depths:4 | Noticed a caustic shrike
 65954 | Depths:4 | Killed a caustic shrike
 66489 | Depths:4 | Noticed a golden dragon
 66492 | Depths:4 | Killed a golden dragon
 66493 | Depths:4 | Reached skill level 1 in Stealth
 67184 | Depths:4 | Identified the amulet of Elaop {Faith rElec rF+ Will+
                  | Int+4}
 67195 | Depths:4 | Reached skill level 5 in Stealth
 67352 | Depths:4 | Identified the amulet of the Stained Date {RegenMP rF+}
 68060 | Depths:4 | Noticed a golden dragon
 68069 | Depths:4 | Killed a golden dragon
 68203 | Depths:4 | Reached XP level 23. HP: 135/142 MP: 22/45
 68512 | Depths:4 | Reached skill level 15 in Fighting
 68782 | Vaults:1 | Entered Level 1 of the Vaults
 69534 | Vaults:1 | Noticed Donald
 69665 | Vaults:1 | Killed Donald
 69666 | Vaults:1 | Reached skill level 10 in Stealth
 73461 | Vaults:2 | Reached skill level 10 in Armour
 73710 | Vaults:2 | Acquired a ring of willpower
 74325 | Vaults:2 | Found Rahogguts's Antique Weapon Shop.
 74620 | Vaults:3 | Reached XP level 24. HP: 66/157 MP: 6/45
 74627 | Vaults:3 | Reached skill level 15 in Fire Magic
 75577 | Vaults:3 | Found a staircase to the Crypt.
 75832 | Vaults:3 | Found a portal to a secret trove of treasure.
 75840 | Vaults:3 | You paid a toll of 16 potions of curing to enter a treasure
                  | trove
 75841 | Trove    | Entered a treasure trove
 75846 | Trove    | Found the +15 Maxwell's patent armour {-Cast -Tele rElec
                  | Will+ rCorr}
 75851 | Trove    | Got the Grimoire of the Blaze
 75854 | Trove    | Identified the -5 pair of boots "Gipikk" {+Inv rElec rF+
                  | Int-2}
 75863 | Trove    | Identified the +0 robe of Kleptomania {Dex+2}
 75875 | Trove    | Identified the +4 scale mail of Levity {rElec rF++}
 75893 | Vaults:3 | Learned a level 8 spell: Ignition
 76647 | Vaults:3 | Quit the game

Illustrated notes

Levels and vault maps discovered:
D:1:      psy_arrival_statuary, layout_loops_ring,
          chequers_ecumenical_altar_simple, hangedman_decor_growths,
          hangedman_decor_clover_reticule, minmay_lizard_king
D:2:      layout_basic, minmay_pentomino_u4, uniq_crazy_yiuf_cottage,
          uniq_sigmund, uniq_terence
D:3:      layout_loops_ring, chequers_big_river, chequers_arboretum,
          minmay_misc_feat_nine_boxes
D:4:      nicolae_cairo_tiling_large_dashed, layout_cave_pools,
          nicolae_tso_carved_into_rock, mainiacjoe_overflow_small_starburst,
          serial_column_ruins, column_ruins_hut, column_ruins_grid_1,
          column_ruins_corridor_straight, column_ruins_corridor_dead_end,
          column_ruins_grid_1, column_ruins_columns_corner,
          column_ruins_open_tiny, uniq_eustachio
D:5:      layout_loops_cross, minmay_fountain_box, minmay_misc_feat_roman,
          uniq_ijyb
D:6:      layout_loops_ring, temple_pool_b, uniq_menkaure, uniq_duvessa
D:7:      layout_basic, hangedman_minor_gate_pass, uniq_pikel, uniq_joseph
D:8:      layout_loops_ring, mainiacjoe_overflow_divided_tiny,
          mainiacjoe_overflow_catch_the_wave, hellmonk_ghost_big_iron
D:9:      layout_rooms, nicolae_uskayaw_suspiria,
          lemuel_zombie_altar_kikubaaqudgha, orc_0_dummy
D:10:     layout_big_octagon, nicolae_overflow_crystal_walls,
          due_lair_maze_entry_diamond
D:11:     minmay_the_grid_octo_tiled_squarecenter [minmay_the_grid_octo_clover,
          minmay_the_grid_octo_thin_diamonds, minmay_the_grid_octo_pinwheel,
          minmay_the_grid_octo_77,
          minmay_the_grid_square_5x5_megaprize_checkered,
          minmay_the_grid_square_5x5_shuriken,
          minmay_the_grid_square_5x5_inner_z, minmay_the_grid_square_5x5_bite,
          minmay_the_grid_square_5x5_fat_x], layout_basic, fountainhead,
          okawaru_altar_gauntlet_db
D:12:     layout_small_grid, vehumet_crystals
D:13:     layout_irregular_city, fedhas_altar_2
D:14:     minmay_octo_star, layout_rooms, skrybe_vaults_entry_preservation,
          serial_rivers, chequers_serial_rivers_micro_c,
          chequers_serial_rivers_micro_e, chequers_serial_rivers_large_b,
          chequers_serial_rivers_micro_a, chequers_serial_rivers_large_a,
          chequers_serial_rivers_small_3, ebering_ghost_inner_flame,
          minmay_more_statues
D:15:     hangedman_depths_entry_try_elsewhere_first, layout_basic,
          portal_ice_cave_entry_pillars_four
Temple:   nicolae_temple_god_jail
Lair:1:   layout_layer_cave, st_stairs_5, grunt_megastairs_2
Lair:2:   layout_concentric_octagons
Lair:3:   layout_loops_ring, spider_nest_entry_a,
          grunt_forest_small_clearing_treed, infiniplex_staircase_pool,
          serial_bayou_shore_b
Lair:4:   layout_regular_city, minmay_shoals_entry_beasts, lemuel_fruit_fields
Lair:5:   layout_roguey, minmay_slime_entry_pillars, grunt_megastairs_5
Lair:6:   hellmonk_lair_end_abyssal_woods, layout_cave_pods,
          bobbens_ice_dragon_lair, uniq_nessos
Shoals:1: layout_shoals, ebering_ghost_davey_jones, uniq_frances
Shoals:2: layout_shoals, gammafunk_ghost_berserking_beasts, nicolae_shop_gadgets
Shoals:3: layout_shoals, uniq_polyphemus
Shoals:4: shoals_end_simple, layout_shoals, shoal_ilsuiw,
          nicolae_shoals_nautilus_by_nature
Spider:1: layout_spider_delve, guppyfry_hornet_nest
Spider:2: layout_cave_pods, hangedman_spider_tarantella_strand
Spider:3: layout_spider_delve, uniq_mlioglotl
Spider:4: grunt_spider_rune_circles
Orc:1:    layout_diamond_mine, serial_shops, nicolae_shop_advertising_works
          [nicolae_subvault_shop_adworks], guppyfry_orc_lava_fort, uniq_harold
Orc:2:    kennysheep_orc_mage_school, layout_caves, nicolae_shop_firing_range
Elf:1:    nicolae_elf_arrival_no_cutting_in_line, layout_onion_city,
          serial_shops, bzr_entry_road, orc_legates, st_stairs_10
Elf:2:    nicolae_elf_blades_splatter_lattice [nicolae_blade_entry_pointy_end],
          layout_loops_cross, serial_shops, nicolae_shop_hallway_stairs,
          nicolae_shop_bloodbath_and_beyond, uniq_azrael, uniq_aizul,
          uniq_louise
Elf:3:    minmay_elf_hall_curves, layout_gridlike, serial_shops,
          nicolae_shop_behind_doors
Vaults:1: ontoclasm_vaults_pinch, nicolae_vaults_three_branches, v_misc_19,
          ontoclasm_vaults_bender, hangedman_vaults_stretched_pinwheel,
          serial_ice_h, nicolae_vaults_disjoint_gnomons,
          nicolae_vaults_big_angled_halls, vaults_room_corners, v_alt_pattern_5,
          nicolae_vaults_theta, v_rooms_5, vaults_room_door_ring,
          layout_vaults_big_cross, uniq_donald
Vaults:2: hangedman_vaults_slice, st_squares, v_misc_3, vaults_room_pool,
          v_misc_9, ontoclasm_vaults_twist, nicolae_vaults_diagonal_hallway_9,
          v_misc_29, nicolae_vaults_circle_grid_a,
          nicolae_vaults_little_squares_6, dpeg_vaults_monster_row,
          layout_vaults_big_room, serial_shops, nicolae_shop_crystal
Vaults:3: v_misc_4, nicolae_vaults_little_squares_3,
          nicolae_vaults_specimen_jars, minmay_crypt_entry_simple_corners,
          ontoclasm_vaults_eye, vaults_room_large_hall, vaults_room_fancy_cross,
          vaults_room_corners, nicolae_vaults_ninety_degrees,
          nicolae_vaults_stairing_the_circle, hangedman_vaults_maws,
          v_alt_pattern_4, vaults_room_semicircle, v_misc_16,
          layout_vaults_maze_snakey, enter_trove_0
Depths:1: layout_gridlike, pf_coc_iceberg, minmay_misc_feat_pillars,
          minmay_librarian
Depths:2: minmay_box_of_curves, layout_honeycomb, enter_ziggurat_c,
          rand_demon_pan_entry_9, hell_entry,
          nicolae_abyss_entry_one_way_or_another, kennysheep_minor_cross,
          uniq_asterion, uniq_bai_suzhen
Depths:3: kennysheep_large_spiral, layout_gridlike, abyss_entry,
          grunt_pan_entry_in_and_out, pf_hell_entry_great_geh,
          nzn_wu_jian_contemplation, nicolae_elyvilon_peaceful_grove
Depths:4: hangedman_slaughterboxes, hell_entry, uniq_frederick

Skill      XL: |  1  2  3  4  5  6  7  8  9 10 11 12 13 14 15 16 17 18 19 20 21 22 23 24 |
---------------+-------------------------------------------------------------------------+-----
Spellcasting   | 1 2 3 4 5 6 8 10 12 13 14 18 | 18.0
Fighting       | 4 5 6 8 9 10 12 14 18 | 18.0
Necromancy     | 1 2 3 4 5 7 8 |  8.0
Maces & Flails | 3 4 5 6 8 9 12 14 | 14.6
Evocations     | 2 5 6 0 |  0.0
Dodging        | 2 4 0 |  0.0
Shields        | 4 6 |  6.0
Armour         | 4 6 10 | 10.0
Earth Magic    | 4 9 10 12 14 16 17 18 19 20 | 20.0
Conjurations   | 5 6 9 10 11 12 13 15 16 | 16.0
Translocations | 1 4 |  4.0
Axes           | 5 8 9 |  9.8
Fire Magic     | 7 13 14 16 | 16.4
Stealth        | 8 10 | 10.0

Action                   |  1- 3 |  4- 6 |  7- 9 | 10-12 | 13-15 | 16-18 | 19-21 | 22-24 || total
-------------------------+-------+-------+-------+-------+-------+-------+-------+-------++-------
Melee: Flail             |   140 |    82 |       |       |       |       |       |       ||   222
       Unarmed           |     9 |       |       |       |       |       |       |       ||     9
       Mace              |       |    90 |   413 |   191 |       |       |       |       ||   694
       Morningstar       |       |       |       |   678 |   205 |       |       |       ||   883
       Punch             |       |       |       |     1 |     8 |     5 |     1 |     2 ||    17
       Eveningstar       |       |       |       |       |   726 |   396 |    55 |   145 ||  1322
       Staff             |       |       |       |       |       |    11 |    34 |    37 ||    82
       Broad axe         |       |       |       |       |       |     8 |     3 |       ||    11
       Great mace        |       |       |       |       |       |       |     7 |       ||     7
 Cast: Pain              |       |     1 |       |     1 |       |       |       |       ||     2
       Excruciating Woun |       |       |       |     2 |       |       |       |       ||     2
       Stone Arrow       |       |       |       |    28 |   134 |    72 |    76 |    45 ||   355
       Borgnjor's Vile C |       |       |       |    33 |    98 |   206 |   114 |   102 ||   553
       Lee's Rapid Decon |       |       |       |    15 |    88 |    59 |   152 |    38 ||   352
       Iron Shot         |       |       |       |       |    23 |   234 |   180 |   206 ||   643
       Blink             |       |       |       |       |       |     8 |     1 |     1 ||    10
       Apportation       |       |       |       |       |       |     2 |       |       ||     2
       Fireball          |       |       |       |       |       |       |    18 |    54 ||    72
       Lehudib's Crystal |       |       |       |       |       |       |     3 |    13 ||    16
       Ignition          |       |       |       |       |       |       |       |     8 ||     8
Invok: Sacrifice Nimblen |       |       |       |     1 |       |       |       |       ||     1
       Draw Out Power    |       |       |       |     1 |       |     3 |     2 |     1 ||     7
       Sacrifice Love    |       |       |       |     1 |       |       |       |       ||     1
       Power Leap        |       |       |       |     3 |     3 |     3 |       |       ||     9
       Sacrifice Artific |       |       |       |     1 |       |       |       |       ||     1
       Sacrifice Drink   |       |       |       |       |     1 |       |       |       ||     1
       Apocalypse        |       |       |       |       |       |     2 |     3 |     4 ||     9
Evoke: Wand              |       |     3 |     2 |    15 |       |       |       |       ||    20
  Use: Potion            |       |     1 |     1 |     3 |       |       |       |       ||     5
       Scroll            |       |     7 |     8 |     5 |    16 |     7 |     2 |     9 ||    54
 Stab: Invisible         |       |       |       |     4 |     2 |     3 |     1 |     1 ||    11
       Distracted        |       |       |       |     2 |     2 |       |       |     4 ||     8
       Paralysed         |       |       |       |       |    18 |     9 |     4 |       ||    31
Armor: Scale mail        |    79 |   151 |   130 |       |       |       |       |       ||   360
       Skin              |    26 |       |    17 |       |       |       |       |       ||    43
       Leather armour    |       |       |   112 |   601 |   440 |       |       |       ||  1153
       Robe              |       |       |       |       |   121 |   534 |   151 |   176 ||   982
Dodge: Dodged            |   133 |   111 |   185 |   416 |   592 |   449 |   107 |    96 ||  2089
Block: Buckler           |    27 |    41 |   147 |   351 |       |       |       |       ||   566
       Reflection        |       |       |    10 |     6 |       |       |       |       ||    16
       Other             |       |       |       |    70 |    17 |       |       |       ||    87
